 Dungeon Crawl Stone Soup version 0.19.1 (webtiles) character file.

3041 Soeto the Thaumaturge (level 9, -5/50 HPs)
             Began as a Gargoyle Earth Elementalist on Dec 22, 2016.
             Was an Initiate of Vehumet.
             Slain by an orc warrior
             ... wielding a +1 dire flail of draining
              (9 damage)
             ... on level 7 of the Dungeon.
             The game lasted 00:28:32 (7884 turns).

Soeto the Thaumaturge (Gargoyle Earth Elementalist) Turns: 7884, Time: 00:28:32

Health: -5/50      AC: 13    Str: 12    XL:     9   Next: 86%
Magic:  5/21       EV: 12    Int: 19    God:    Vehumet [......]
Gold:   343        SH:  0    Dex: 10    Spells: 4 memorised, 13 levels left

rFire  . . .     SeeInvis .     b - 197 stones
rCold  . . .     Gourm    .     c - +1 robe
rNeg   + . .     Faith    .     (no shield)
rPois  ∞         Spirit   .     (no helmet)
rElec  +         Reflect  .     (no cloak)
rCorr  .         Harm     .     a - +1 pair of gloves
MR     .....                    s - +1 pair of boots
Stlth  ++........               (no amulet)
                                (no ring)
                                z - ring of flight

@: about to teleport, repel missiles
A: negative energy resistance 1, electricity resistance, unbreathing,
petrification resistance, rot immunity, AC +5
a: Renounce Religion, Evoke Flight


You were on level 7 of the Dungeon.
You worshipped Vehumet.
Vehumet was noncommittal.
You were not hungry.

You visited 2 branches of the dungeon, and saw 8 of its levels.

You collected 343 gold pieces.

Inventory:

Hand Weapons
 i - a +0 morningstar
 p - a +0 mace
 r - a +1 short sword of protection
Missiles
 b - 197 stones (in hand)
Armour
 a - a +1 pair of gloves (worn)
 c - a +1 robe (worn)
 s - a +1 pair of boots (worn)
 w - a +0 troll leather armour
 C - the +3 ring mail "Kearar" {+Inv +Fly, unknown}
   (You found it on level 7 of the Dungeon)

   It lets you turn invisible.
   It lets you fly.
Jewellery
 z - a ring of flight (left hand)
Wands
 u - a wand of polymorph (22/24)
 v - a wand of random effects (21/48)
Scrolls
 t - 2 scrolls of amnesia
 x - 4 scrolls of remove curse
 B - a scroll of magic mapping
Potions
 f - a potion of berserk rage
 g - 4 potions of flight
 h - 4 potions of curing
 j - 2 potions of mutation
 k - a potion of resistance
 o - 2 potions of lignification
 A - a potion of haste {unknown}
Books
 e - a book of Geomancy

   Spells                             Type                      Level
   a - Sandblast                      Earth                        1
   b - Passwall                       Transmutation/Earth          2
   c - Stone Arrow                    Conjuration/Earth            3
   d - Petrify                        Transmutation/Earth          4
   e - Lee's Rapid Deconstruction     Earth                        5
 q - a book of Minor Magic

   Spells                             Type                      Level
   a - Magic Dart                     Conjuration                  1
   b - Blink                          Translocation                2
   c - Call Imp                       Summoning                    2
   d - Repel Missiles                 Charms/Air                   2
   e - Slow                           Hexes                        2
   f - Conjure Flame                  Conjuration/Fire             3
   g - Mephitic Cloud                 Conjuration/Poison/Air       3
Comestibles
 d - 7 bread rations
 l - a meat ration
 m - 5 fruits
 n - 3 beef jerkies
 D - 10 chunks of flesh
 E - 7 slices of pizza


   Skills:
 + Level 3.0 Fighting
 + Level 2.4 Maces & Flails
 + Level 2.8 Armour
 + Level 2.8 Dodging
 - Level 2.1 Stealth
 * Level 8.3 Spellcasting
 + Level 6.3 Conjurations
   Level 0.7 Transmutations
 + Level 7.8 Earth Magic


You had 13 spell levels left.
You knew the following spells:

 Your Spells              Type           Power        Failure   Level  Hunger
a - Sandblast             Erth           #####.       1%          1    None
b - Stone Arrow           Conj/Erth      ####..       1%          3    None
c - Lee's Rapid Deconstr  Erth           #####.....   12%         5    #####..
d - Repel Missiles        Chrm/Air       #.....       14%         2    None


Dungeon Overview and Level Annotations

Branches:
Dungeon (7/15)             Temple (1/1) D:7

Altars:
Ashenzari
Cheibriados
Dithmenos
Elyvilon
Fedhas
Gozag
Hepliaklqana
Kikubaaqudgha
Makhleb
Nemelex Xobeh
Okawaru
Qazlal
Ru
Sif Muna
Trog
Uskayaw
Vehumet
Xom
Yredelemnul
The Shining One

Shops:
D:4 }


Innate Abilities, Weirdness & Mutations

You are resistant to torment.
Your stone body is resilient. (AC +5)
You are immune to poison.
You resist negative energy. (rN+)
You are resistant to electric shocks. (rElec)
You can survive without breathing.
You are immune to petrification.
You are immune to rotting.


Message History

The crimson imp hits you but does no damage.
Casting: Sandblast
Confirm with . or Enter, or press ? or * to list all spells.
Aiming: Sandblast
Press: ? - help, Shift-Dir - straight line, f/p - orc warrior
Aim: an orc warrior, wielding a dire flail of draining and wearing a plate armour (heavily wounded)
The rocky blast hits the orc warrior.
The orc warrior is heavily wounded.
The orc warrior hits you with a dire flail of draining!
* * * LOW HITPOINT WARNING * * *
The crimson imp closely misses you. The orc hits you with a flail.
* * * LOW HITPOINT WARNING * * *
Unknown command.
Okay, then.
Unknown command.
Unknown command.
As you read the scroll of teleportation, it crumbles to dust.
You feel strangely unstable.
The orc warrior hits you with a dire flail of draining!
You die...

.##..# #.###.# ?.....
###..# ###.##..##......
###..# #......##..)#.#
#
.....###..###........#.
.....#...###..#........
#....#..##..[....#..#.#
#.......##......$.....#
###..............5#..##
................@o#..#
###...........##.o...#
..............####†..#
###......#...## .......
###...#......# ).#)...
#....##.....## ..##...
...........# ..# ..
.....##....# ..# .
#....#.....# ..#


You could see an orc warrior, a crimson imp and an orc.

Vanquished Creatures
  A troll (D:5)
  Sigmund (D:6)
  4 hogs (D:7)
  A human (D:7)
  A water moccasin (D:5)
  Duvessa (D:6)
  An ogre (D:7)
  A sky beast (D:7)
  2 centaurs (D:7)
  2 ice beasts
  A phantom (D:4)
  Blork the orc (D:6)
  2 bullfrogs
  Dowan (D:6)
  A scorpion (D:7)
  A howler monkey (D:3)
  A centaur zombie (D:5)
  2 crimson imps
  A quasit (D:7)
  3 orc wizards
  2 orc priests
  A bullfrog skeleton (D:7)
  A centaur skeleton (D:4)
  Jessica (D:3)
  An iguana (D:7)
  Natasha (thrice) (D:2)
  4 worker ants
  2 hound zombies
  8 gnolls
  7 adders
  A shadow imp (D:5)
  An ooze (D:7)
  An adder zombie (D:5)
  4 dart slugs
  4 leopard geckos
  3 orcs (D:3)
  8 giant cockroaches
  11 goblins
  9 hobgoblins
  4 jackals (D:4)
  2 quokkas
  9 bats
  7 frilled lizards
  A jackal skeleton (D:5)
  7 kobolds
  A leopard gecko zombie (D:7)
  9 rats
141 creatures vanquished.

Notes
Turn   | Place    | Note
-------+----------+-------------------------------------------
     0 | D:1      | Soeto the Gargoyle Earth Elementalist began the quest for the Orb.
     0 | D:1      | Reached XP level 1. HP: 10/10 MP: 3/3
   282 | D:1      | Reached XP level 2. HP: 15/15 MP: 0/5
   799 | D:1      | Reached XP level 3. HP: 7/19 MP: 7/7
  1019 | D:1      | Learned a level 3 spell: Stone Arrow
  1052 | D:1      | Reached skill level 3 in Spellcasting
  1591 | D:2      | Found a sacrificial altar of Ru.
  1655 | D:2      | Reached XP level 4. HP: 24/24 MP: 5/9
  1731 | D:2      | Reached skill level 1 in Conjurations
  2251 | D:2      | Noticed Natasha
  2267 | D:2      | Killed Natasha
  2315 | D:2      | Noticed Natasha
  2319 | D:2      | Killed Natasha
  2319 | D:2      | Reached skill level 4 in Spellcasting
  2319 | D:2      | Reached XP level 5. HP: 28/28 MP: 5/11
  2329 | D:2      | Learned a level 5 spell: Lee's Rapid Deconstruction
  2487 | D:2      | Noticed Natasha
  2501 | D:2      | Killed Natasha
  2640 | D:3      | Learned a level 2 spell: Repel Missiles
  2832 | D:3      | Found an ancient bone altar of Kikubaaqudgha.
  3248 | D:3      | Noticed Jessica
  3253 | D:3      | Killed Jessica
  3345 | D:3      | Reached XP level 6. HP: 32/32 MP: 9/12
  3800 | D:4      | Noticed a phantom
  3815 | D:4      | Killed a phantom
  3815 | D:4      | Reached skill level 5 in Earth Magic
  4075 | D:4      | Found Horeawn's Gadget Boutique.
  4134 | D:4      | Reached skill level 5 in Spellcasting
  4352 | D:4      | Found a shattered altar of Ashenzari.
  4552 | D:4      | Noticed a water moccasin
  4552 | D:4      | Noticed a phantom
  4680 | D:5      | Entered Level 5 of the Dungeon
  4714 | D:5      | Noticed a water moccasin
  4719 | D:5      | Killed a water moccasin
  4719 | D:5      | Reached XP level 7. HP: 36/36 MP: 11/15
  5140 | D:5      | Found a stormy altar of Qazlal.
  5164 | D:5      | Reached skill level 6 in Spellcasting
  5197 | D:5      | Noticed a troll
  5244 | D:5      | Killed a troll
  5244 | D:5      | Reached XP level 8. HP: 15/41 MP: 8/17
  5535 | D:5      | Found a hazy altar of Hepliaklqana.
  5886 | D:6      | Reached skill level 5 in Conjurations
  5916 | D:6      | Found a shattered altar of Ashenzari.
  6075 | D:6      | Noticed Blork the orc
  6085 | D:6      | Killed Blork the orc
  6186 | D:6      | Reached skill level 7 in Spellcasting
  6379 | D:6      | Noticed Duvessa
  6391 | D:6      | Noticed Dowan
  6392 | D:6      | Killed Duvessa
  6395 | D:6      | Killed Dowan
  6587 | D:6      | Noticed Sigmund
  6716 | D:6      | Killed Sigmund
  6716 | D:6      | Reached XP level 9. HP: 46/46 MP: 13/20
  6874 | D:6      | Found a shadowy altar of Dithmenos.
  6874 | D:6      | Found a glowing golden altar of the Shining One.
  6904 | D:6      | Reached skill level 1 in Fighting
  6924 | D:6      | Found a bloodstained altar of Trog.
  7028 | D:7      | Reached skill level 1 in Maces & Flails
  7028 | D:7      | Reached skill level 1 in Armour
  7057 | D:7      | Found a staircase to the Ecumenical Temple.
  7067 | Temple   | Entered the Ecumenical Temple
  7255 | Temple   | Became a worshipper of Vehumet
  7555 | D:7      | Got a steaming ring mail
  7702 | D:7      | Reached skill level 8 in Spellcasting
  7884 | D:7      | Slain by an orc warrior

Skill      XL: |  1  2  3  4  5  6  7  8  9 |
---------------+----------------------------+-----
Earth Magic    | 4 5 6 7 |  7.8
Spellcasting   | 3 4 5 6 7 8 |  8.3
Conjurations   | 1 2 3 4 5 6 |  6.3
Fighting       | 3 |  3.0
Maces & Flails | 2 |  2.4
Armour         | 2 |  2.8
Dodging        | 2 |  2.8
Stealth        | |  2.1
Transmutations | |  0.7

Action                   |  1- 3 |  4- 6 |  7- 9 || total
-------------------------+-------+-------+-------++-------
Melee: Short sword       |   135 |       |    23 ||   158
 Cast: Sandblast         |    12 |   100 |   110 ||   222
       Repel Missiles    |       |     1 |       ||     1
       Stone Arrow       |       |     1 |    16 ||    17
       Lee's Rapid Decon |       |       |     5 ||     5
  Use: Scroll            |     7 |     6 |     5 ||    18
 Stab: Sleeping          |     1 |       |       ||     1
  Eat: Chunk             |     3 |     8 |    11 ||    22
       Fruit             |       |     1 |     1 ||     2
Armor: Robe              |    60 |    11 |    40 ||   111
Dodge: Dodged            |    98 |    12 |    58 ||   168
       Deflected         |       |       |     1 ||     1
